 Dungeon Crawl Stone Soup version 0.29.1-2-gbd0b4ee654 (webtiles) character file.

Game seed: 6984875029617461302

228 Linkola the Conjurer (level 5, -2/28 HPs)
             Began as a Deep Elf Conjurer on Oct 25, 2022.
             Slain by a toenail golem (9 damage)
             ... on level 3 of the Dungeon on Oct 26, 2022.
             The game lasted 00:13:55 (3399 turns).

Linkola the Conjurer (Deep Elf Conjurer)            Turns: 3399, Time: 00:13:56

Health: -2/28      AC:  4    Str:  4    XL:     5   Next: 71%
Magic:  9/14       EV: 12    Int: 25    God:
Gold:   238        SH:  0    Dex: 13    Spells: 3/13 levels left

rFire   . . .      SeeInvis +   g - +2 short sword (venom)
rCold   . . .      Faith    .   (no shield)
rNeg    . . .      Spirit   .   a - +0 robe
rPois   .          Reflect  .   (no helmet)
rElec   .          Harm     .   (no cloak)
rCorr   .          Rampage  .   f - +0 pair of gloves
Will    .....                   m - +0 pair of boots
Stlth   ++........              (no amulet)
HPRegen 0.09/turn               j - ring of see invisible
MPRegen 0.14/turn               (no ring)

@: no status effects
A: no striking features
a: no special abilities


You were on level 3 of the Dungeon.
You visited 1 branch of the dungeon, and saw 3 of its levels.

You collected 238 gold pieces.

Inventory:

Hand Weapons
 g - a +2 short sword of venom (weapon)
Armour
 a - a +0 robe (worn)
 f - a +0 pair of gloves (worn)
 m - a +0 pair of boots (worn)
Jewellery
 j - a ring of see invisible (left hand)
Wands
 k - a wand of flame (26)
Scrolls
 d - 3 scrolls of identify
 h - a scroll of enchant weapon
 i - a scroll of teleportation
Potions
 b - 2 potions of magic
 c - 3 potions of curing
 e - 3 potions of haste
 l - a potion of heal wounds


   Skills:
 - Level 0.5 Short Blades
 + Level 2.7 Dodging
 + Level 3.0 Stealth
 + Level 4.6 Spellcasting
 + Level 6.0 Conjurations
 * Level 2.7 Hexes
 * Level 1.2 Translocations


You had 3 spell levels left.
You knew the following spells:

 Your Spells              Type           Power      Damage    Failure   Level
a - Magic Dart            Conj           100%       1d8       1%          1
b - Searing Ray           Conj           70%        2d7       1%          2
c - Dazzling Flash        Conj/Hex       54%        N/A       4%          3
d - Iskenderun's Mystic   Conj/Tloc      24%        2d7       19%         4

Your spell library contained the following spells:

 Spells                   Type           Power      Damage    Failure   Level
 Ozocubu's Armour         Ice            5%         N/A       26%         3
 Fulminant Prism          Conj/Hex       13%        3d9       14%         4
 Leda's Liquefaction      Hex/Erth       6%         N/A       43%         4
 Metabolic Englaciation   Hex/Ice        6%         N/A       80%         5
 Lee's Rapid Deconstruct  Erth           2%         3d6*      93%         5
 Simulacrum               Ice/Necr       2%         N/A       100%        6
 Statue Form              Tmut/Erth      3%         N/A       100%        6


Dungeon Overview and Level Annotations

Branches:
Dungeon (3/15)

Altars:

Portals:
Abyss: D:3

Annotations:
D:3 1 transporter, matti1234's ghost, amateur KoEn


Message History

Aim: a ball python (severely wounded, 100% to hit)
The magic dart hits the ball python.
You kill the ball python!
Your Conjurations skill increases to level 6!
You see here a +0 dagger.
Partly explored, unvisited transporter.
Partly explored, unvisited transporter.
There is a transporter here.
You enter the transporter and appear at another place.
A small abomination comes into view.
The toenail golem barely misses you.
You can't go up here!
You can't go down here!
Casting: Magic Dart (safe; 1% risk of failure)
Confirm with . or Enter, or press ? or * to list all spells.
The spell is extremely dangerous to miscast (19% risk of failure)!
Continue anyway?
Okay, then.
Casting: Iskenderun's Mystic Blast (extremely dangerous; 19% risk of failure)
Confirm with . or Enter, or press ? or * to list all spells.
Aiming: Searing Ray (safe; 1% risk of failure)
Press: ? - help, Shift-Dir - straight line, f - toenail golem
Aim: a toenail golem (93% to hit)
The searing ray hits the toenail golem!
The toenail golem is moderately damaged. (Press . to maintain the ray.)
The toenail golem hits you.
The searing ray hits the toenail golem but does no damage.
The toenail golem is moderately damaged.
The toenail golem hits you!
The searing ray hits the toenail golem!
The toenail golem is moderately damaged.
The toenail golem hits you!
* * * LOW HITPOINT WARNING * * *
The searing ray hits the toenail golem.
The toenail golem is heavily damaged.
The searing ray hits the small abomination!
The small abomination is moderately damaged.
You finish channelling your searing ray.
The toenail golem hits you!
You die...

##.#####.......#
#.......(......#
#..####......).#
#..####.......##
########..[.#...##...##
#.....................#
#...............©......
###...####.......###..... ######
#.....#.@###...###!##..## .....#
#.#...##.9.##..#*...#..#
.###.####.#....#..^.####^#K##..#
.# #..........##.##.......##...#
.#
######.#..##.###.x....##....##
## #.#..#W..##...##.#......#
#....##.##.###.?.###.....
###...##.?##©###,.,##..#.
######...##.##....##.#.#..#.


You could see a toenail golem and a small abomination.

Vanquished Creatures
  Ijyb (D:3)
  Natasha (twice) (D:3)
  Terence (D:3)
  5 adders (D:2)
  A worm (D:2)
  A dart slug (D:3)
  3 orcs (D:3)
  6 endoplasms
  4 giant cockroaches
  10 goblins
  7 hobgoblins
  4 jackals (D:1)
  4 quokkas
  5 ball pythons
  4 bats
  2 frilled lizards (D:2)
  7 kobolds
  7 rats
74 creatures vanquished.

Notes
Turn   | Place    | Note
-------+----------+-------------------------------------------
     0 | D:1      | Linkola the Deep Elf Conjurer began the quest for the Orb.
     0 | D:1      | Reached XP level 1. HP: 10/10 MP: 6/6
   178 | D:1      | Reached XP level 2. HP: 15/15 MP: 6/8
   208 | D:1      | Learned a level 2 spell: Searing Ray
   315 | D:1      | Reached skill level 5 in Conjurations
   391 | D:1      | Found a faded altar of an unknown god.
   536 | D:1      | Reached XP level 3. HP: 11/19 MP: 1/9
  1313 | D:2      | Learned a level 3 spell: Dazzling Flash
  1749 | D:2      | Reached XP level 4. HP: 24/24 MP: 7/11
  1755 | D:2      | Learned a level 4 spell: Iskenderun's Mystic Blast
  2308 | D:3      | Noticed a toenail golem
  2310 | D:3      | Found a transporter.
  2398 | D:3      | Reached skill level 1 in Hexes
  2412 | D:3      | Noticed Ijyb
  2420 | D:3      | Killed Ijyb
  2421 | D:3      | Reached XP level 5. HP: 28/28 MP: 0/13
  2540 | D:3      | Found a transporter.
  2542 | D:3      | Noticed Terence
  2555 | D:3      | Killed Terence
  2556 | D:3      | Reached skill level 1 in Translocations
  2823 | D:3      | Found a one-way gate to the infinite horrors of the Abyss.
  2832 | D:3      | Noticed matti1234's ghost (amateur KoEn)
  2985 | D:3      | Noticed Natasha
  2988 | D:3      | Killed Natasha
  3049 | D:3      | Noticed Natasha
  3056 | D:3      | Killed Natasha
  3350 | D:3      | Reached skill level 6 in Conjurations
  3395 | D:3      | Noticed a small abomination
  3399 | D:3      | Slain by a toenail golem

Illustrated notes

Levels and vault maps discovered:
D:1:      minmay_arrival_three_doors, layout_rooms,
          ebering_ecumenical_altar_petrified, kennysheep_decorative_pillar
D:2:      minmay_skewed_foursquare, layout_loops_cross
D:3:      layout_loops_cross, gammafunk_ghost_abyssal_escape, uniq_terence,
          uniq_natasha, uniq_ijyb

Skill      XL: |  1  2  3  4  5 |
---------------+----------------+-----
Conjurations   | 5 6 |  6.0
Spellcasting   | 4 |  4.6
Hexes          | 1 2 |  2.7
Stealth        | 3 |  3.0
Translocations | 1 |  1.2
Short Blades   | |  0.5
Dodging        | |  2.7

Action                   |  1- 3 |  4- 6 || total
-------------------------+-------+-------++-------
Melee: Dagger            |     8 |       ||     8
       Short sword       |     1 |       ||     1
 Cast: Magic Dart        |    79 |    55 ||   134
       Searing Ray       |     1 |     6 ||     7
       Dazzling Flash    |     1 |       ||     1
       Iskenderun's Myst |       |     2 ||     2
  Use: Scroll            |     3 |     2 ||     5
       Potion            |     1 |       ||     1
 Stab: Invisible         |     1 |       ||     1
Armor: Robe              |     3 |     1 ||     4
Dodge: Dodged            |    14 |     5 ||    19
